 Dungeon Crawl Stone Soup version 0.19.0-11-g3fc08b3 (webtiles) character file.

15341 MTVSty1e the Fighter (level 12, -9/100 HPs)
             Began as a Formicid Fighter on Nov 9, 2016.
             Was a Priest of the Shining One.
             Mangled by Frances
             ... wielding a +1 flail of draining
              (12 damage)
             ... on level 12 of the Dungeon.
             The game lasted 00:30:53 (14468 turns).

MTVSty1e the Fighter (Formicid Fighter)            Turns: 14468, Time: 00:30:54

Health: -9/100     AC: 14    Str: 35    XL:     12   Next: 56%
Magic:  20/20      EV: 11    Int:  7    God:    the Shining One [***...]
Gold:   365        SH: 14    Dex: 12    Spells: 0 memorised, 11 levels left

rFire  + . .     SeeInvis +     I - +1 battleaxe (flame)
rCold  x . .     Gourm    .     J - +0 plate armour
rNeg   + . .     Faith    +     c - +1 shield
rPois  .         Spirit   .     (helmet unavailable)
rElec  .         Reflect  .     E - +0 cloak
rCorr  .         Harm     .     (no gloves)
MR     +....                    (no boots)
Stlth  ..........               y - amulet of faith
                                A - ring of fire
                                C - +3 ring of strength

@: mighty, glowing, drained
A: permanent stasis, dig shafts and tunnels, four strong arms, antennae 3, agile
1, blurry vision 1, high mp 1, evolution 1
a: Dig, Shaft Self, Divine Shield, Renounce Religion


You were on level 12 of the Dungeon.
You worshipped the Shining One.
The Shining One was most pleased with you.
You were not hungry.

You visited 1 branch of the dungeon, and saw 12 of its levels.

You collected 593 gold pieces.
You spent 228 gold pieces at shops.

Inventory:

Hand Weapons
 a - a +0 morningstar
 e - a +0 mace of holy wrath
 I - a +1 battleaxe of flaming (weapon)
Armour
 c - a +1 shield (worn)
 E - a +0 cloak (worn)
 J - a +0 plate armour (worn)
Jewellery
 s - an uncursed ring of protection from magic
 w - an uncursed amulet of the gourmand
 y - an amulet of faith (around neck)
 A - a ring of fire (right hand)
 B - a +4 ring of evasion
 C - a +3 ring of strength (left hand)
 G - an uncursed amulet of magic regeneration
 O - a +3 amulet of reflection
Wands
 b - a wand of disintegration (11/24)
 i - a wand of confusion (12/48)
 u - a wand of lightning (12/15)
 x - a wand of flame (19/48)
 z - a wand of slowing (23/48)
 D - a wand of paralysis (3/24)
 K - a wand of enslavement (15/24)
 N - a wand of acid (7/15)
 S - a wand of polymorph (6/24)
Scrolls
 f - a scroll of magic mapping
 g - 3 scrolls of enchant armour
 n - 2 scrolls of fog
 o - a scroll of recharging
 F - 3 scrolls of remove curse
 L - 2 scrolls of vulnerability
Potions
 h - 2 potions of cancellation
 j - a potion of magic
 l - 4 potions of flight
 r - a potion of lignification
 t - 3 potions of curing
 v - a potion of brilliance
Comestibles
 H - 2 bread rations
 P - 9 slices of pizza


   Skills:
 * Level 11.2(10.8) Fighting
 + Level 7.3(7.1) Axes
 - Level 2.0(4.7) Maces & Flails
 + Level 8.2(7.8) Armour
 + Level 6.0(5.7) Dodging
 + Level 9.1(8.7) Shields
 * Level 8.7(8.3) Invocations
 + Level 7.1(6.7) Evocations


You had 11 spell levels left.
You didn't know any spells.

Dungeon Overview and Level Annotations

Branches:
Dungeon (12/15)            Temple (0/1) D:7            Lair (0/6) D:10
    Orc: D:9-12

Altars:
Ashenzari
Elyvilon
Fedhas
Hepliaklqana
Makhleb
Nemelex Xobeh
Qazlal
Ru
Sif Muna
Trog
Xom
Yredelemnul
The Shining One

Shops:
D:4 (

Annotations:
D:12 Frances


Innate Abilities, Weirdness & Mutations

You are under a permanent stasis effect.
You can dig through walls and to a lower floor.
Your four strong arms can wield two-handed weapons with a shield.
You have a pair of large antennae on your head. (SInv)
You are agile. (Dex +2)
Scrolls take you a little longer to read.
You have an increased reservoir of magic. (+10% MP)
You evolve.


Message History

The orange demon barely misses you. The chaos spawn hits you!
* * * LOW HITPOINT WARNING * * *
You partially resist.
You feel drained.
* * * LOW HITPOINT WARNING * * *
The ice devil hits you.
* * * LOW HITPOINT WARNING * * *
The ice devil freezes you!!
You feel a terrible chill!
* * * LOW HITPOINT WARNING * * *
Okay, then.
Evoke which item? (* to show all) (? for menu, Esc to quit)
Zapping:
i - a wand of confusion (will waste charges)
Press: ? - help, Shift-Dir - straight line, f - Frances
Aim: Frances, wielding a flail of draining and wearing a scale mail (lightly wounded, fast, haloed, chance to defeat MR: 5%)
Okay, then.
There are monsters nearby!
Okay, then.
You don't know any spells.
Really read with blurry vision while enemies are nearby?
Frances hits you with a flail of draining!
You die...

##..
###.$######
#.........#
#.........# ###
#.........##..+
#.........#..#
#..@.......$#
#..4@.....#
#.44......#
#......<..#
###########


You could see Frances, an orange demon, an ice devil and a chaos spawn.

Vanquished Creatures
  A hydra (D:11)
  An unseen horror (D:8)
  3 hill giants
  Pikel (D:6)
  An ugly thing (D:11)
  2 gargoyles
  3 kobold demonologists (D:11)
  2 komodo dragons (D:10)
  A troll (D:9)
  A two-headed ogre (D:11)
  5 hippogriffs
  A centaur simulacrum (D:11)
  A wyvern (D:9)
  A human (D:10)
  13 yaks
  2 hungry ghosts
  A mottled dragon (D:11)
  A water moccasin (D:11)
  4 orc warriors
  A swamp drake (D:10)
  A sky beast (D:7)
  3 ice beasts
  2 phantoms
  9 ogres
  12 centaurs
  3 crocodiles
  The ghost of Stormleaks the Bolt Thrower, an amateur KoHu (D:3)
  5 big kobolds
  12 bullfrogs
  5 scorpions
  6 howler monkeys
  5 crimson imps
  A centaur zombie (D:6)
  7 hounds
  A bullfrog skeleton (D:8)
  Crazy Yiuf (D:6)
  3 orc priests
  3 jellies
  6 orc wizards
  A centaur skeleton (D:10)
  5 iguanas
  4 worker ants
  A killer bee zombie (D:7)
  A hound skeleton (D:5)
  A worker ant zombie (D:7)
  7 gnolls
  14 adders
  4 shadow imps
  An ooze (D:7)
  2 adder zombies (D:9)
  2 worms (D:4)
  4 dart slugs
  4 leopard geckos
  25 orcs
  9 bats
  8 giant cockroaches
  7 goblins
  5 hobgoblins
  13 jackals
  5 quokkas
  2 ball pythons
  6 frilled lizards
  25 kobolds
  A leopard gecko skeleton (D:8)
  A quokka skeleton (D:6)
  9 rats
299 creatures vanquished.

Vanquished Creatures (others)
  A slave (D:6)
  A black bear (D:6)
  A bullfrog (D:6)
  A howler monkey (D:6)
  6 fungi (D:5)
10 creatures vanquished.

Grand Total: 309 creatures vanquished

Notes
Turn   | Place    | Note
-------+----------+-------------------------------------------
     0 | D:1      | MTVSty1e the Formicid Fighter began the quest for the Orb.
     0 | D:1      | Reached XP level 1. HP: 18/18 MP: 1/1
     0 | D:1      | Noticed a spriggan
     0 | D:1      | Noticed a vampire
     1 | D:1      | Noticed a felid
     3 | D:1      | Noticed an octopode
     5 | D:1      | Noticed a human
     8 | D:1      | Noticed a troll
    10 | D:1      | Noticed an ogre
    12 | D:1      | Noticed a dwarf
    14 | D:1      | Noticed a vampire
    14 | D:1      | Noticed a dwarf
    14 | D:1      | Noticed a spriggan
    16 | D:1      | Noticed a troll
    16 | D:1      | Noticed a draconian
    16 | D:1      | Noticed a troll
    18 | D:1      | Noticed a felid
    18 | D:1      | Noticed a dwarf
    20 | D:1      | Noticed a minotaur
   178 | D:1      | Reached XP level 2. HP: 24/24 MP: 2/2
   647 | D:1      | Reached XP level 3. HP: 28/30 MP: 3/3
   828 | D:2      | Reached skill level 4 in Fighting
  1008 | D:2      | Reached XP level 4. HP: 19/37 MP: 2/4
  1034 | D:2      | HP: 1/38 [poisoned by an adder]
  1557 | D:2      | Reached skill level 1 in Dodging
  1734 | D:3      | Found a sacrificial altar of Ru.
  2220 | D:3      | Reached XP level 5. HP: 43/43 MP: 5/5
  2338 | D:3      | Noticed Stormleaks's ghost (amateur KoHu)
  2346 | D:3      | Killed Stormleaks's ghost
  2346 | D:3      | Reached XP level 6. HP: 23/50 MP: 3/6
  2352 | D:3      | Reached skill level 5 in Fighting
  2761 | D:4      | Found Vubow's Antique Weapon Shop.
  2769 | D:4      | Noticed an ogre
  2778 | D:4      | Killed an ogre
  3344 | D:4      | Reached XP level 7. HP: 52/56 MP: 7/7
  3819 | D:4      | Bought a runed war axe for 228 gold pieces
  3834 | D:5      | Entered Level 5 of the Dungeon
  4061 | D:5      | Reached skill level 5 in Shields
  4099 | D:5      | Reached skill level 6 in Fighting
  4117 | D:5      | Found a blossoming altar of Fedhas.
  4197 | D:5      | Found a faded altar of an unknown god.
  4197 | D:5      | Found a faded altar of an unknown god.
  4202 | D:5      | Found a faded altar of an unknown god.
  4204 | D:5      | Found a sparkling altar of Nemelex Xobeh.
  4206 | D:5      | Found a faded altar of an unknown god.
  4266 | D:5      | Reached XP level 8. HP: 65/65 MP: 8/8
  4437 | D:5      | Found a white marble altar of Elyvilon.
  4823 | D:5      | Reached skill level 5 in Armour
  4839 | D:5      | Reached skill level 1 in Evocations
  4842 | D:5      | Reached skill level 7 in Fighting
  4918 | D:6      | Found a glowing golden altar of the Shining One.
  5013 | D:6      | Became a worshipper of the Shining One
  5227 | D:6      | Noticed Pikel
  5246 | D:6      | Killed Pikel
  5246 | D:6      | Reached XP level 9. HP: 37/74 MP: 9/11
  5390 | D:6      | Found a basalt altar of Yredelemnul.
  5431 | D:6      | Reached skill level 8 in Fighting
  5859 | D:6      | Reached skill level 5 in Axes
  5896 | D:6      | Found a runed door.
  6036 | D:6      | Found a deep blue altar of Sif Muna.
  6131 | D:6      | Noticed Crazy Yiuf
  6136 | D:6      | Killed Crazy Yiuf
  6190 | D:7      | Found a shattered altar of Ashenzari.
  6303 | D:7      | Reached skill level 1 in Invocations
  6426 | D:7      | Found a staircase to the Ecumenical Temple.
  6870 | D:7      | Found a bloodstained altar of Trog.
  7096 | D:7      | Reached XP level 10. HP: 33/82 MP: 13/13
  7444 | D:7      | Found a hazy altar of Hepliaklqana.
  7901 | D:8      | Gained mutation: You have an increased reservoir of magic. (+10% MP) [potion of mutation]
  7901 | D:8      | Gained mutation: You evolve. [potion of mutation]
  7901 | D:8      | Gained mutation: Scrolls take you a little longer to read. [potion of mutation]
  8148 | D:8      | Reached skill level 9 in Fighting
  8349 | D:8      | Found a shimmering altar of Xom.
  8436 | D:8      | Noticed an unseen horror
  8437 | D:8      | Noticed a gargoyle
  8437 | D:8      | Reached * piety under the Shining One
  8443 | D:8      | Killed a gargoyle
  8456 | D:8      | Killed an unseen horror
  8456 | D:8      | Reached skill level 5 in Evocations
  8646 | D:8      | Reached skill level 5 in Invocations
  8661 | D:8      | Gained mutation: You are agile. (Dex +2) [evolution]
  9662 | D:9      | Found a stormy altar of Qazlal.
  9783 | D:9      | Reached XP level 11. HP: 54/90 MP: 16/16
  9787 | D:9      | Reached skill level 5 in Dodging
 10003 | D:9      | Reached ** piety under the Shining One
 10450 | D:9      | Reached skill level 10 in Fighting
 10671 | D:10     | Entered Level 10 of the Dungeon
 10751 | D:10     | Noticed a hill giant
 10758 | D:10     | Killed a hill giant
 10895 | D:10     | Noticed a hill giant
 10905 | D:10     | Killed a hill giant
 12447 | D:10     | Found a staircase to the Lair.
 12857 | D:11     | Noticed a six-headed hydra
 13198 | D:11     | Killed a six-headed hydra
 13486 | D:11     | Reached XP level 12. HP: 86/99 MP: 19/19
 13490 | D:11     | Reached skill level 1 in Maces & Flails
 13574 | D:11     | Reached *** piety under the Shining One
 13586 | D:11     | Reached skill level 11 in Fighting
 13625 | D:11     | Found a burning altar of Makhleb.
 14061 | D:11     | Noticed a green death
 14232 | D:12     | Noticed Frances
 14391 | D:12     | Noticed a soul eater
 14467 | D:12     | HP: 3/100 [ice devil[Frances] (18)]
 14468 | D:12     | Mangled by Frances

Skill      XL: |  1  2  3  4  5  6  7  8  9 10 11 12 |
---------------+-------------------------------------+-----
Fighting       | 4 5 6 7 8 9 10 11 | 11.2
Shields        | 4 5 6 7 8 9 |  9.1
Dodging        | 1 2 3 4 5 6 |  6.0
Axes           | 3 4 5 6 7 |  7.3
Armour         | 4 5 6 7 8 |  8.2
Evocations     | 3 4 5 6 7 |  7.1
Invocations    | 2 5 7 8 |  8.7
Maces & Flails | 2 |  2.0

Action                   |  1- 3 |  4- 6 |  7- 9 | 10-12 || total
-------------------------+-------+-------+-------+-------++-------
Melee: War axe           |    96 |   143 |   350 |    53 ||   642
       Battleaxe         |       |       |       |   342 ||   342
       Morningstar       |       |       |       |    13 ||    13
 Abil: Dig               |       |     2 |     5 |     1 ||     8
Evoke: Wand              |       |       |       |     1 ||     1
  Use: Scroll            |     5 |       |     7 |    17 ||    29
       Potion            |       |     1 |       |     7 ||     8
  Eat: Meat ration       |       |     1 |       |     2 ||     3
       Bread ration      |       |     1 |     2 |     3 ||     6
       Beef jerky        |       |       |     1 |     1 ||     2
       Fruit             |       |       |     3 |     4 ||     7
       Pizza             |       |       |       |     1 ||     1
       Royal jelly       |       |       |       |     1 ||     1
Armor: Scale mail        |    47 |    60 |   106 |    14 ||   227
       Plate armour      |       |       |       |   162 ||   162
       Skin              |       |       |       |    14 ||    14
Dodge: Dodged            |    28 |    48 |   125 |   169 ||   370
Block: Shield            |    71 |    83 |   235 |   336 ||   725
